 Dungeon Crawl Stone Soup version 0.25-a0-681-gdf4e720381 (webtiles) character file.

Game seed: 14191360644938121023, levelgen mode: deterministic

54 CryoSword the Vexing (level 3, -6/26 HPs)
             Began as a Vampire Enchanter on Mar 30, 2020.
             Mangled by a phantom (10 damage)
             ... on level 4 of the Dungeon.
             The game lasted 00:03:28 (1355 turns).

CryoSword the Vexing (Vampire Enchanter)            Turns: 1355, Time: 00:03:29

Health: -6/26      AC:  2    Str:  7    XL:     3   Next: 66%
Magic:  4/6        EV: 12    Int: 18    God:
Gold:   55         SH:  0    Dex: 14    Spells: 0/6 levels left

rFire    . . .     SeeInvis +   a - +1 dagger
rCold    . . .     Gourm    .   (no shield)
rNeg     . . .     Faith    .   b - +0 robe
rPois    .         Spirit   .   (no helmet)
rElec    .         Reflect  .   (no cloak)
rCorr    .         Harm     .   (no gloves)
MR       .....                  (no boots)
Stlth    +++.......             (no amulet)
HPRegen  0.28/turn              (no ring)
MPRegen  0.10/turn              (no ring)

@: regenerating quickly
A: no food, fangs 3, see invisible, unbreathing
a: Exsanguinate


You were on level 4 of the Dungeon.
You were alive.

You visited 1 branch of the dungeon, and saw 3 of its levels.

You collected 55 gold pieces.

Inventory:

Hand Weapons
 a - a +1 dagger (weapon)
Missiles
 f - 93 stones (quivered)
 o - 6 poisoned darts
Armour
 b - a +0 robe (worn)
Jewellery
 e - a +2 ring of strength {unknown}
   (You found it on level 1 of the Dungeon)
 i - an uncursed ring of poison resistance {unknown}
   (You found it on level 2 of the Dungeon)
Scrolls
 c - a scroll of teleportation {unknown}
 h - a scroll of enchant weapon {unknown}
 k - a scroll of remove curse {unknown}
 l - 4 scrolls of identify {unknown}
 m - a scroll of blinking {unknown}
Potions
 d - 2 potions of resistance {unknown}
 g - 2 potions of lignification {unknown}
 j - a potion of degeneration {unknown}
 n - a potion of brilliance {unknown}


   Skills:
 + Level 1.1 Fighting
 + Level 2.0 Short Blades
 - Level 2.1 Dodging
 + Level 5.1 Stealth
 - Level 2.0 Spellcasting
 * Level 5.5 Hexes


You couldn't memorise any spells.
You knew the following spells:

 Your Spells              Type           Power        Failure   Level  Hunger
a - Corona                Hex            ###....      1%          1    N/A
b - Ensorcelled Hibernat  Hex/Ice        ##....       9%          2    N/A
c - Confusing Touch       Hex            ###.....     5%          3    N/A

Your spell library contained the following spells:

 Spells                   Type           Power        Failure   Level  Hunger
 Tukima's Dance           Hex            ###.....     5%          3    N/A
 Dazzling Flash           Conj/Hex       ##....       17%         3    N/A

Dungeon Overview and Level Annotations

Branches:
Dungeon (2/15)

Altars:
Wu Jian
The Shining One


Innate Abilities, Weirdness & Mutations

You do not eat.
Your natural rate of healing is unusually fast.
You have razor-sharp teeth.
You have supernaturally acute eyesight. (SInv)
You can survive without breathing.


Message History

a jackal corpse x2
f - 65 stones (gained 1)
f - 66 stones (gained 1)
f - 67 stones (gained 1)
There is an open door here.
The leopard gecko is too close now for your liking.
A leopard gecko is nearby!
A leopard gecko is nearby!
A leopard gecko is nearby!
The leopard gecko hisses angrily.
The leopard gecko bites you but does no damage.
You see here a puce potion.
You hit the leopard gecko.
The leopard gecko bites you but does no damage.
You closely miss the leopard gecko. The leopard gecko bites you.
You hit the leopard gecko but do no damage.
The leopard gecko closely misses you.
Aim: a leopard gecko (moderately wounded, chance to defeat MR: 60%)
The leopard gecko resists with significant effort.
The leopard gecko closely misses you.
A leopard gecko is nearby!
You hit the leopard gecko but do no damage.
You bite the leopard gecko.
The leopard gecko bites you but does no damage.
You barely miss the leopard gecko. The leopard gecko bites you.
You are too injured to fight recklessly!
You are too injured to fight recklessly!
You are too injured to fight recklessly!
Aim: a leopard gecko (almost dead, chance to defeat MR: 60%)
The leopard gecko looks drowsy...
The helpless leopard gecko fails to defend itself.
You impale the leopard gecko!!
You kill the leopard gecko!
No target in view!
j - a puce potion
k - a scroll labeled WUDDAY BARIMEQIS You open the door.
You see here a whip.
You see here a leopard gecko corpse.
You now have 20 gold pieces (gained 10).
A leopard gecko comes into view.
Found a stone staircase leading down.
A leopard gecko is nearby!
A leopard gecko is nearby!
The leopard gecko hisses angrily.
The leopard gecko barely misses you.
You hit the leopard gecko. The leopard gecko closely misses you.
You hit the leopard gecko. Your bite misses the leopard gecko.
The leopard gecko closely misses you. The leopard gecko bites you.
You hit the leopard gecko.
You kill the leopard gecko!
You open the door.
There is an open door here.
Found a club.
f - 93 stones (gained 26)
A rat comes into view.
Found 15 gold pieces.
A rat is nearby!
Found a stone staircase leading down.
A rat comes into view.
Found a ration.
You see here a club.
You hit the rat.
You kill the rat!
You see here a rat corpse.
Found 2 scrolls labeled OXTOMAENOTT.
The helpless rat fails to defend itself.
You impale the rat!!
You kill the rat!
No target in view!
l - 2 scrolls labeled OXTOMAENOTT You see here a club.
Found 17 sling bullets.
You now have 31 gold pieces (gained 11).
You now have 46 gold pieces (gained 15).
A leopard gecko comes into view.
A leopard gecko is nearby!
A leopard gecko is nearby!
A leopard gecko is nearby!
You see here a scroll labeled OXTOMAENOTT.
The helpless leopard gecko fails to defend itself.
You impale the leopard gecko!!
You kill the leopard gecko!
No target in view!
No target in view!
l - 3 scrolls labeled OXTOMAENOTT (gained 1)
l - 4 scrolls labeled OXTOMAENOTT (gained 1)
You open the door.
There is an open door here.
A giant cockroach comes into view.
Found 4 javelins.
A giant cockroach is nearby!
A giant cockroach is nearby!
A giant cockroach is nearby!
The helpless giant cockroach fails to defend itself.
You impale the giant cockroach!!
You kill the giant cockroach!
No target in view!
m - a scroll labeled KUVVOFF WETEFEBB
Found a ration.
Found a glowing golden altar of the Shining One.
You now have 55 gold pieces (gained 9).
n - an orange potion You open the door.
Found a whip.
There is an open door here.
o - 6 poisoned darts A rat comes into view.
You fall into a shaft and drop 2 floors!
The shaft crumbles and collapses.
Found an ornate altar of the Wu Jian Council.
Found an escape hatch in the floor.
A frilled lizard comes into view.
A frilled lizard is nearby!
A phantom comes into view.
Found 6 gold pieces.
The frilled lizard hisses angrily.
The frilled lizard barely misses you.
You hit the frilled lizard.
You kill the frilled lizard!
Your Short Blades skill increases to level 2!
Okay, then.
Memorise Confusing Touch, consuming 3 spell levels and leaving 0?
The phantom blinks!
You start memorising the spell.
You continue memorising. x3
The phantom closely misses you.
You finish memorising.
Spell assigned to 'c'.
Your hands begin to glow red.
The phantom hits you.
You hit the phantom but do no damage. You bite the phantom, but do no damage.
You hit the phantom but do no damage.
The phantom blinks!
The phantom hits you.
You are too injured to fight recklessly!
You are too injured to fight recklessly!
You are too injured to fight recklessly!
You are too injured to fight recklessly!
You barely miss the phantom. The phantom hits you!
* * * LOW HITPOINT WARNING * * *
The phantom blinks!
The phantom blinks!
You hit the phantom but do no damage.
The phantom appears confused.
You strike the helpless phantom from behind!
You puncture the phantom! The phantom hits you.
* * * LOW HITPOINT WARNING * * *
You hit the phantom. The phantom hits you.
* * * LOW HITPOINT WARNING * * *
You hit the phantom. You bite the phantom, but do no damage.
The phantom closely misses you.
You barely miss the phantom. You bite the phantom. The phantom hits you!
You die...

###########
#.........#
#....†....#
#.........#
#.........##.##
#......@.......
#....>.W..##..#
#.........# ..
#.........# .
#......._$#
###########


You could see a phantom (confused).

Vanquished Creatures
  An adder (D:2)
  A gnoll (D:1)
  3 dart slugs (D:1)
  3 leopard geckos (D:2)
  2 giant cockroaches
  3 goblins (D:1)
  A hobgoblin (D:1)
  3 jackals (D:2)
  2 frilled lizards
  2 kobolds (D:1)
  6 rats
27 creatures vanquished.

Notes
Turn   | Place    | Note
-------+----------+-------------------------------------------
     0 | D:1      | CryoSword the Vampire Enchanter began the quest for the
                  | Orb.
     0 | D:1      | Reached XP level 1. HP: 13/13 MP: 3/3
   323 | D:1      | Reached XP level 2. HP: 18/20 MP: 5/5
   327 | D:1      | Learned a level 2 spell: Ensorcelled Hibernation
   439 | D:1      | Reached skill level 5 in Hexes
   583 | D:1      | Reached XP level 3. HP: 25/25 MP: 1/6
  1042 | D:2      | Reached skill level 1 in Fighting
  1042 | D:2      | Reached skill level 5 in Stealth
  1289 | D:2      | Found a glowing golden altar of the Shining One,
  1333 | D:2      | You fall into a shaft and drop 2 floors!
  1333 | D:4      | Found an ornate altar of the Wu Jian Council,
  1334 | D:4      | Noticed a phantom
  1343 | D:4      | Learned a level 3 spell: Confusing Touch
  1355 | D:4      | Mangled by a phantom

Levels and vault maps discovered:
D:1:      noname_arrival_rooms_in_the_neighbourhood, layout_loops_ring,
          grunt_decor_mini_mirrors
D:2:      layout_basic, nicolae_overflow_hidden_temple,
          nicolae_tso_carved_into_rock, first_ration
D:4:      layout_rooms, led_sif_book, overflow_temple_1_default,
          elyvilon_altar_3, uniq_crazy_yiuf_cottage

Skill      XL: |  1  2  3 |
---------------+----------+-----
Hexes          | 5 |  5.5
Fighting       | 1 |  1.1
Stealth        | 5 |  5.1
Short Blades   | 2 |  2.0
Dodging        | |  2.1
Spellcasting   | |  2.0

Action                   || total
-------------------------++-------
Melee: Dagger            ||    92
       Bite              ||    11
Throw: Stone             ||     3
 Cast: Corona            ||     8
       Ensorcelled Hiber ||    11
       Confusing Touch   ||     1
 Stab: Sleeping          ||     9
       Confused          ||     1
Armor: Robe              ||    11
Dodge: Dodged            ||    47

Table legend:
 A = Non-vault XP
 B = Vault XP
 C = Vault XP percentage of total XP
 D = Non-vault monster count
 E = Vault monster count
 F = Vault count percentage of total count
                 A         B        C        D         E       F
            +---------+---------+-------+---------+---------+-------
      Total |      78 |       0 |   0.0 |      27 |       0 |   0.0
            +---------+---------+-------+---------+---------+-------
        D:1 |      43 |       0 |   0.0 |      15 |       0 |   0.0
        D:2 |      34 |       0 |   0.0 |      11 |       0 |   0.0
        D:4 |       1 |       0 |   0.0 |       1 |       0 |   0.0
            +---------+---------+-------+---------+---------+-------
